 Dungeon Crawl Stone Soup version 0.31.0-11-ge490571c62 (webtiles) character file.

Game seed: 6331945795729916872

1741 Gadfly the Insei (level 8, -5/65 HPs)
             Began as a Demonspawn Monk on Jan 29, 2024.
             Was an Initiate of Ru.
             Slain by Joseph
             ... wielding a +0 quarterstaff
              (15 damage)
             ... on level 7 of the Dungeon.
             The game lasted 00:11:46 (7164 turns).

Gadfly the Insei (Demonspawn Monk)                  Turns: 7164, Time: 00:11:46

Health: -5/65      AC:  9    Str: 14    XL:     8   Next: 77%
Magic:  17/17      EV: 14    Int: 11    God:    Ru [......]
Gold:   1717       SH:  0    Dex: 15    Spells: 3/7 levels left

rFire   . .          .
                       - Unarmed
rCold   + . .        (no shield)
rNeg    . . .        e - +2 robe {rC+}
rPois   .            (helmet restricted)
rElec   .            d - +0 cloak
rCorr   .            n - +0 pair of gloves
SInv    .            (no boots)
Will    .....        z - amulet of the acrobat
Stlth   +            g - ring of magical power
HPRegen 0.30/turn    D - +4 ring of slaying
MPRegen 0.30/turn

%: acrobat
@: no status effects
A: antennae 1, icy blue scales 2, magic regeneration
a: Renounce Religion


You were on level 7 of the Dungeon.
You worshipped Ru.
Ru was noncommittal.
You visited 2 branches of the dungeon, and saw 8 of its levels.
You also visited: Ossuary.

You collected 2229 gold pieces.
You spent 512 gold pieces at shops.

Inventory:

Hand Weapons
 y - a +0 long sword
Armour
 c - an orb of light
 d - a +0 cloak (worn)
 e - a +2 robe of cold resistance (worn)
 n - a +0 pair of gloves (worn)
Jewellery
 g - a ring of magical power (left hand)
 z - an amulet of the acrobat (around neck)
 D - a +4 ring of slaying (right hand)
Talismans
 A - a flux talisman
 B - a blade talisman
Wands
 a - a wand of mindburst (11) (quivered)
 m - a wand of polymorph (23)
 s - a wand of flame (29)
 x - a wand of digging (6)
Scrolls
 l - 2 scrolls of enchant weapon
 o - 3 scrolls of poison
 q - 2 scrolls of fear
 r - a scroll of butterflies
 t - 3 scrolls of identify
 u - 2 scrolls of teleportation
Potions
 b - a potion of ambrosia
 f - 2 potions of magic
 h - 7 potions of curing
 i - a potion of cancellation
 j - 3 potions of lignification
 k - a potion of haste
 p - 3 potions of mutation
 v - a potion of attraction
 w - a potion of might
 C - a potion of enlightenment


   Skills:
 + Level 6.4 Fighting
 + Level 5.7 Dodging
 * Level 7.5 Unarmed Combat
 * Level 5.9 Evocations
 * Level 6.2 Shapeshifting


You had 3 spell levels left.
You knew the following spells:

 Your Spells              Type           Power      Damage    Failure   Level
a - Ozocubu's Armour      Ice            0%         N/A       71%         3
b - Apportation           Tloc           0%         N/A       34%         1

Your spell library contained the following spells:

 Spells                   Type           Power      Damage    Failure   Level
 Necrotise                Necr           0%         1d4       34%         1
 Sting                    Conj/Alch      0%         1d3       34%         1
 Summon Small Mammal      Summ           0%         N/A       34%         1
 Fugue of the Fallen      Necr           0%         N/A       71%         3
 Airstrike                Air            0%         2d(0-16)  98%         4
 Brom's Barrelling Bould  Conj/Erth      0%         2d3       98%         4
 Manifold Assault         Tloc           0%         N/A       98%         4
 Conjure Ball Lightning   Conj/Air       0%         3x3d6     100%        6
 Plasma Beam              Fire/Air       0%         2x1d10    100%        6


Dungeon Overview and Level Annotations

Branches:
Dungeon (7/15)             Temple (1/1) D:5         Ossuary (visited)

Altars:
Ashenzari
Dithmenos
Fedhas
Gozag
Hepliaklqana
Kikubaaqudgha
Nemelex Xobeh
Okawaru
Qazlal
Ru
Sif Muna
Trog
Uskayaw
Vehumet
Wu Jian
Xom
Yredelemnul

Shops:
D:6 :   D:7 =*[

Annotations:
D:5 1 runed translucent door, browni3141's ghost, amateur MiFi
D:7 Joseph


Innate Abilities, Weirdness & Mutations

You have a pair of small antennae on your head.
You are mostly covered in icy blue scales. (AC +3)
You regenerate magic rapidly.


Message History

Joseph hits you with a +0 quarterstaff!
You hit Joseph but do no damage.
Joseph is heavily wounded.
You hit Joseph.
Joseph is heavily wounded.
Joseph closely misses you.
You hit Joseph but do no damage.
Joseph is heavily wounded.
Joseph hits you with a +0 quarterstaff!
* * * LOW HITPOINT WARNING * * *
You are too injured to fight recklessly!
You are too injured to fight recklessly!
You are too injured to fight recklessly!
You are too injured to fight recklessly!
You are too injured to fight recklessly!
You are too injured to fight recklessly!
You are too injured to fight recklessly!
You are too injured to fight recklessly!
You are too injured to fight recklessly!
You are too injured to fight recklessly!
You are too injured to fight recklessly!
You are too injured to fight recklessly!
You are too injured to fight recklessly!
Unknown command.
Joseph is nearby!
You closely miss Joseph.
Joseph is heavily wounded.
Joseph hits you with a +0 quarterstaff.
* * * LOW HITPOINT WARNING * * *
Aiming: Mindburst
Press: ? - help, Shift-Dir - straight line, f - Joseph
Aim: Joseph, wielding a +0 quarterstaff and wearing a +0 ring mail (heavily wounded, chance to affect: 70%) Joseph struggles to resist.
Joseph hits you with a +0 quarterstaff!
* * * LOW HITPOINT WARNING * * *
Unknown command.
Aiming: Mindburst
Press: ? - help, Shift-Dir - straight line, f/p - Joseph
Aim: Joseph, wielding a +0 quarterstaff and wearing a +0 ring mail (heavily wounded, chance to affect: 70%) Joseph struggles to resist.
Joseph hits you with a +0 quarterstaff!
You die...

.....#........
#................
#.........#..... .
#...##....#...# ..
.#.............#...
..>..................
...................#
#...........@@.....# ..
. ..#..........#...
...###. ###.............
...#...##.#.∩...#.......
................#...[..#
......##.##.......##....
.....#....##>.##..# ....
............### .## ...
..............?..#


You could see Joseph.

Vanquished Creatures
  Menkaure (D:4)
  A black bear (D:4)
  2 ice beasts
  A kobold brigand (D:6)
  A weeping skull (Ossuary)
  A bullfrog (D:6)
  3 scorpions
  A burial acolyte (Ossuary)
  A howler monkey (D:6)
  A bombardier beetle (D:6)
  2 hounds (D:5)
  A human zombie (Ossuary)
  2 jellies (D:7)
  An orc priest (D:7)
  Ijyb (D:5)
  A sleepcap (D:7)
  Jessica (D:3)
  Natasha (thrice) (D:4)
  2 iguanas
  4 orc wizards
  4 mummies
  6 adders
  A white imp (D:7)
  2 ufetubi (D:5)
  2 dart slugs (D:1)
  2 ribbon worms (D:2)
  11 orcs
  4 ball pythons
  4 bats
  10 endoplasms
  3 giant cockroaches (D:1)
  2 gnoll zombies (Ossuary)
  9 goblins
  6 hobgoblins
  2 jackals (D:1)
  2 quokkas (D:1)
  4 frilled lizards
  13 kobolds
  5 kobold zombies (Ossuary)
  6 rats
129 creatures vanquished.

Notes
Turn   | Place    | Note
-------+----------+-------------------------------------------
     0 | D:1      | Gadfly the Demonspawn Monk began the quest for the Orb.
     0 | D:1      | Reached XP level 1. HP: 18/18 MP: 1/1
   168 | D:1      | Gained mutation: You are partially covered in icy blue
                  | scales. (AC +2) [demonic ancestry]
   168 | D:1      | Reached XP level 2. HP: 8/24 MP: 2/2
   444 | D:1      | Reached skill level 1 in Evocations
   451 | D:1      | Reached skill level 3 in Unarmed Combat
   479 | D:1      | Gained mutation: You have a pair of small antennae on your
                  | head. [demonic ancestry]
   479 | D:1      | Reached XP level 3. HP: 22/29 MP: 3/3
   480 | D:1      | Reached skill level 1 in Shapeshifting
   694 | D:1      | Identified a scroll of acquirement
   694 | D:1      | Acquired 985 gold pieces
  1085 | D:2      | You fall into a shaft and drop 2 floors!
  1221 | D:3      | Noticed Jessica
  1236 | D:3      | Killed Jessica
  1237 | D:3      | Gained mutation: You are mostly covered in icy blue scales.
                  | (AC +3) [demonic ancestry]
  1237 | D:3      | Reached XP level 4. HP: 35/35 MP: 4/4
  1849 | D:2      | Got Sif Muna's Octavo of Damaging Haze
  2010 | D:2      | Learned a level 3 spell: Ozocubu's Armour
  2033 | D:2      | Acquired 915 gold pieces
  2287 | D:3      | Found a faded altar of an unknown god.
  2355 | D:3      | Gained mutation: You regenerate magic rapidly. [demonic
                  | ancestry]
  2355 | D:3      | Reached XP level 5. HP: 25/41 MP: 5/5
  2508 | D:3      | Reached skill level 5 in Fighting
  2508 | D:3      | Reached skill level 5 in Dodging
  2508 | D:3      | Reached skill level 6 in Unarmed Combat
  2508 | D:3      | Reached skill level 5 in Shapeshifting
  2508 | D:3      | Reached XP level 6. HP: 51/52 MP: 6/6
  2895 | D:4      | Found a broken altar of Ashenzari.
  2897 | D:4      | Found a bloodstained altar of Trog.
  2922 | D:4      | Reached skill level 5 in Evocations
  3000 | D:4      | Noticed Menkaure
  3159 | D:4      | Killed Menkaure
  3160 | D:4      | Reached skill level 7 in Unarmed Combat
  3160 | D:4      | Reached XP level 7. HP: 41/58 MP: 7/7
  3770 | D:4      | Noticed Natasha
  3775 | D:4      | Killed Natasha
  4179 | D:4      | Noticed Natasha
  4187 | D:4      | Killed Natasha
  4517 | D:4      | Noticed Natasha
  4524 | D:4      | Killed Natasha
  4534 | D:5      | Entered Level 5 of the Dungeon
  4884 | D:5      | Found a sand-covered staircase.
  4896 | Ossuary  | Entered an ossuary
  5282 | D:5      | Learned a level 1 spell: Apportation
  5301 | D:5      | Found a staircase to the Ecumenical Temple.
  5318 | Temple   | Entered the Ecumenical Temple
  5352 | Temple   | Became a worshipper of Ru the Awakened
  5521 | D:5      | Noticed Ijyb
  5544 | D:5      | Killed Ijyb
  5559 | D:5      | Reached XP level 8. HP: 51/64 MP: 8/8
  5699 | D:5      | Found a runed translucent door.
  5699 | D:5      | Noticed browni3141's ghost (amateur MiFi)
  6182 | D:6      | Found Xiomy's Book Boutique.
  6490 | D:6      | Identified the +7 chain mail "Fadis" {Fly rElec}
  6878 | D:7      | Found Vuaff's Jewellery Emporium.
  6937 | D:7      | Bought a blade talisman for 330 gold pieces
  7050 | D:7      | Found Raepil's Assorted Antiques.
  7078 | D:7      | Bought a metallic sapphire potion for 27 gold pieces
  7078 | D:7      | Bought a blackened brass ring for 155 gold pieces
  7131 | D:7      | Found Kuixeth's Antique Armour Emporium.
  7142 | D:7      | Noticed Joseph
  7164 | D:7      | Slain by Joseph

Illustrated notes

Levels and vault maps discovered:
D:1:      psy_arrival_fountain, layout_rooms, chequers_avenue, st_stairs_13,
          minmay_split_cup_small
D:2:      layout_basic, grunt_decor_mini_mirrors, minmay_misc_feat_x,
          amcnicky_mini_rare_corridor_liquid
D:3:      layout_basic, shapermc_ecumenical_altar_mp_urbaneastern,
          minmay_misc_feat_cross, uniq_jessica
D:4:      layout_cave_pods, mainiacjoe_overflow_catwalk_spiral,
          nicolae_houndstooth_variations, uniq_natasha, uniq_menkaure
D:5:      layout_basic, minmay_temple_entry_trees, gammafunk_ghost_grave,
          gup_ossuary_entry_pyramid, dreamdust_mushroom_princess,
          hangedman_decor_clover_reticule, minmay_misc_feat_doors, uniq_ijyb
D:6:      layout_basic, serial_shops, nicolae_shop_just_a_little_nook,
          dk_noncrumbling_2
D:7:      layout_cave_pools, mainiacjoe_overflow_six_doors_small, serial_shops,
          nicolae_shop_advertising_works [nicolae_subvault_shop_adworks],
          nicolae_shop_gibbet_a_chance, shop, shop, shop,
          chequers_serial_rivers_small_b, minmay_strange_pillars, uniq_joseph
Temple:   mainiacjoe_temple_bowtie_tessellation

Skill      XL: |  1  2  3  4  5  6  7 |
---------------+----------------------+-----
Evocations     | 1 2 4 5 |  5.9
Unarmed Combat | 3 6 7 |  7.5
Shapeshifting  | 1 5 6 |  6.2
Dodging        | 3 5 |  5.7
Fighting       | 5 6 |  6.4

Action                     |  1- 3 |  4- 6 |  7- 9 || total
---------------------------+-------+-------+-------++-------
  Melee: Unarmed           |   139 |   113 |   295 ||   547
         Punch             |       |       |     4 ||     4
 Invoke: Reject Sacrifices |       |       |     1 ||     1
  Evoke: Wand              |       |       |     2 ||     2
    Use: Scroll            |     6 |     6 |     8 ||    20
         Potion            |       |     2 |     1 ||     3
   Stab: Sleeping          |       |       |     1 ||     1
 Armour: Robe              |    78 |    61 |   134 ||   273
  Dodge: Dodged            |   102 |    69 |   161 ||   332
